 Dungeon Crawl Stone Soup version 0.30-a0-414-gcb316572d5 (webtiles) character file.

Game seed: 10820367603623591842

29309 zishaf the Stormcaller (level 13, -4/84 HPs)
             Began as a Tengu Air Elementalist on Dec 7, 2022.
             Was a High Priest of Vehumet.
             Slain by a black mamba (10 damage)
             ... on level 4 of the Lair of Beasts.
             The game lasted 00:37:44 (18878 turns).

zishaf the Stormcaller (Tengu Air Elementalist)    Turns: 18878, Time: 00:37:45

Health: -4/84      AC:  9    Str:  7    XL:     13   Next: 44%
Magic:  1/24       EV: 13    Int: 20    God:    Vehumet [*****.]
Gold:   951        SH: 10    Dex: 15    Spells: 1/26 levels left

rFire   . . .      SeeInvis .    o - +5 long sword of Uskayaw's Displeasure {venom, Will+}
rCold   . . .      Faith    +    A - +0 kite shield
rNeg    . . .      Spirit   .    l - +2 robe {Archmagi}
rPois   +          Reflect  .    (helmet restricted)
rElec   .          Harm     .    z - +1 cloak of the Storm King {Regen+ rCorr Str-2}
rCorr   +          Rampage  .    E - +2 pair of gloves
Will    +....      Archmagi +    (boots unavailable)
Stlth   ++........               F - amulet of faith
HPRegen 1.14/turn                y - ring of wizardry
MPRegen 0.19/turn                M - ring of poison resistance

@: flying quickly and evasively, quick
A: beak, talons 3, nimble flight
a: Renounce Religion


You were on level 4 of the Lair of Beasts.
You worshipped Vehumet.
Vehumet was extremely pleased with you.
You visited 3 branches of the dungeon, and saw 17 of its levels.

You collected 951 gold pieces.

Inventory:

Hand Weapons
 c - a +0 vampiric dagger
 i - a +1 short sword of venom
 o - the +5 long sword of Uskayaw's Displeasure (weapon) {venom, Will+}
   (You took it off an orc on level 5 of the Dungeon)

   It poisons the flesh of those it strikes.
   Will:      It increases your willpower.
Missiles
 f - 2 throwing nets (quivered)
Armour
 a - a +0 robe
 l - a +2 robe of the Archmagi (worn)
 s - a +2 cloak
 x - the +1 robe of Vines {NoPotionHeal Regen++++}
   (You found it on level 7 of the Dungeon)

   Its wearer cannot be healed by potions.
   Regen:     It increases your rate of health regeneration.
 z - the +1 cloak of the Storm King (worn) {Regen+ rCorr Str-2}
   (You found it on level 8 of the Dungeon)

   Str:       It affects your strength (-2).
   Regen:     It increases your rate of health regeneration.
   rCorr:     It protects you from acid and corrosion.
 A - a +0 kite shield (worn)
 E - a +2 pair of gloves (worn)
Jewellery
 k - an amulet of guardian spirit
 w - an amulet of the acrobat
 y - a ring of wizardry (left hand)
 B - a ring of see invisible
 F - an amulet of faith (around neck)
 I - a ring of protection from fire
 K - a ring of resist corrosion
 L - an amulet of regeneration
 M - a ring of poison resistance (right hand)
Wands
 h - a wand of flame (7)
 n - a wand of roots (23)
 H - a wand of polymorph (4)
 J - a wand of light (7)
Scrolls
 j - 5 scrolls of poison
 q - 5 scrolls of identify
 r - 6 scrolls of teleportation
 t - a scroll of fog
 u - 3 scrolls of enchant armour
Potions
 b - 2 potions of magic
 d - 2 potions of attraction
 e - 6 potions of might
 g - 3 potions of heal wounds
 m - 4 potions of curing
 p - 2 potions of mutation
 v - a potion of invisibility
 C - 2 potions of haste
 D - a potion of ambrosia
 G - 2 potions of lignification
Miscellaneous
 N - a condenser vane


   Skills:
 + Level 11.6 Fighting
 - Level 2.1 Dodging
 - Level 2.0 Stealth
 - Level 6.0 Shields
 - Level 7.0 Spellcasting
 + Level 14.7 Conjurations
 - Level 6.0 Fire Magic
 + Level 15.1 Air Magic


You had one spell level left.
You knew the following spells:

 Your Spells              Type           Power      Damage    Failure   Level
a - Shock                 Conj/Air       100%       1d9       1%          1
b - Airstrike             Air            39%        2d(6-22)  1%          4
c - Lightning Bolt        Conj/Air       39%        1d58      1%          5
d - Searing Ray           Conj           100%       2d8       1%          2
e - Flame Wave            Conj/Fire      64%        2d15      1%          4
A - Static Discharge      Conj/Air       100%       2-7/arc   1%          2
B - Kindle Blastsparks    Fire/Tloc/Air  100%       2d18      1%          3
C - Foxfire               Conj/Fire      100%       2x1d9     1%          1
D - Swiftness             Air            79%        N/A       1%          3

Your spell library contained the following spells:

 Spells                   Type           Power      Damage    Failure   Level
 Magic Dart               Conj           100%       1d8       1%          1
 Sting                    Tmut/Pois      40%        1d5       11%         1
 Cigotuvi's Dreadful Rot  Necr/Pois/Air  80%        N/A       1%          2
 Momentum Strike          Conj/Tloc      100%       3d10      1%          2
 Poisonous Vapours        Pois/Air       100%       N/A       1%          2
 Scorch                   Fire           92%        2d10      1%          2
 Mephitic Cloud           Conj/Pois/Air  63%        N/A       1%          3
 Fulminant Prism          Conj/Hex       26%        3d13      1%          4
 Sticky Flame             Conj/Fire      64%        2d8       1%          4
 Inner Flame              Hex/Fire       28%        N/A       2%          3
 Blink                    Tloc           20%        N/A       16%         2
 Olgreb's Toxic Radiance  Pois           10%        N/A       24%         4
 Lesser Beckoning         Tloc           20%        N/A       28%         3
 Manifold Assault         Tloc           10%        N/A       65%         4
 Storm Form               Tmut/Air       27%        N/A       97%         7
 Chain Lightning          Conj/Air       39%        3d52      98%         9
 Summon Cactus Giant      Summ           5%         N/A       100%        6
 Fire Storm               Conj/Fire      32%        8d8       100%        9
 Shatter                  Erth           5%         3d8*      100%        9


Dungeon Overview and Level Annotations

Branches:
Dungeon (12/15)            Temple (1/1) D:7            Lair (4/5) D:10
 Shoals (0/4) Lair:3        Snake (0/4) Lair:2        Slime (0/5) Lair:4
    Orc (0/2) D:10

Altars:
Ashenzari
Cheibriados
Dithmenos
Elyvilon
Fedhas
Gozag
Hepliaklqana
Kikubaaqudgha
Makhleb
Nemelex Xobeh
Okawaru
Qazlal
Ru
Sif Muna
Trog
Uskayaw
Vehumet
Wu Jian
Xom
Yredelemnul
Zin
The Shining One

Shops:
D:10 [

Annotations:
D:10 1 runed translucent door, p00ps00p's ghost, journeyman HOFi


Innate Abilities, Weirdness & Mutations

You have a beak for a mouth.
You have claws for feet.
Your magical nature lets you fly swiftly and evasively.


Message History

You block the black mamba's attack. The black mamba closely misses you.
You closely miss the black mamba.
You claw the black mamba, but do no damage.
You peck the black mamba.
The black mamba is almost dead.
The black mamba bites you!
* * * LOW HITPOINT WARNING * * *
The black mamba closely misses you. You block the black mamba's attack.
Casting: Static Discharge (safe; 1% risk of failure)
Confirm with . or Enter, or press ? or * to list all spells.
You feel a surge of power!
The black mamba is struck by an arc of lightning.
You kill the black mamba!
Vehumet accepts your kill.
You feel your power returning.
You are struck by an arc of lightning.
* * * LOW HITPOINT WARNING * * *
The black mamba bites you but does no damage.
Training target 7.0 for Spellcasting reached!
Your Spellcasting skill increases to level 7!
Casting: Static Discharge (safe; 1% risk of failure)
Confirm with . or Enter, or press ? or * to list all spells.
You feel a surge of power!
The black mamba is struck by an arc of lightning.
The black mamba is heavily wounded.
You are struck by an arc of lightning.
* * * LOW HITPOINT WARNING * * *
The black mamba is struck by an arc of lightning.
The black mamba is severely wounded.
The lightning grounds out.
You block the black mamba's attack. x2
You closely miss the black mamba. You claw the black mamba!
The black mamba is almost dead.
The black mamba bites you!
* * * LOW HITPOINT WARNING * * *
The black mamba bites you but does no damage.
You miss the black mamba.
You claw the black mamba, but do no damage.
The black mamba is almost dead.
The black mamba bites you but does no damage.
You block the black mamba's attack. The black mamba bites you!
You die...

............########.########....
............# ... #....
............# ♣.♣ #....
............# .~§ #....
............# ♣.♣♣ #....
............# .§. #....
......####### #:## ##### ......#
♣♣♣♣♣♣♣§§♣♣♣♣ ......#
♣..@S†.§§§..♣ ......#♣
♣.♣♣♣♣♣♣♣♣♣.♣ ......#♣.♣♣♣#♣.♣
......#♣....#♣.♣ ......# ♣♣♣.#♣.♣
......#♣♣?..#♣)♣ ....†.†..♣♣♣...♣
.)....#.♣♣ ♣#♣.♣ ......#♣.♣ ♣.♣


You could see a black mamba.

Vanquished Creatures
  The ghost of Xetequo the Peltast, a journeyman MiFi of Trog (Lair:3)
  2 hydras
  A two-headed ogre (D:7)
  Amaemon (D:8)
  Pikel (D:5)
  An orc knight (D:10)
  A cyclops (D:11)
  6 black mambas
  An orange demon (D:8)
  5 cane toads
  An unseen horror (D:11)
  4 komodo dragons
  3 rime drakes
  3 trolls
  Grinder (D:5)
  A polar bear (Lair:2)
  14 blink frogs
  Prince Ribbit (D:5)
  4 slime creatures (D:11)
  2 basilisks (Lair:3)
  47 yaks
  3 wyverns
  5 humans
  2 steam dragons
  3 wargs (D:10)
  Edmund (D:5)
  2 acid dragons (D:11)
  2 nagas (Lair:2)
  5 water moccasins
  6 black bears
  4 orc warriors
  3 sky beasts
  8 wolves (Lair:2)
  An ogre (D:6)
  A centaur (D:9)
  A lemure (D:5)
  2 kobold brigands
  A phantom (D:5)
  2 necrophages
  9 bullfrogs
  12 wights
  5 killer bees (D:7)
  2 howler monkeys
  3 hounds
  Crazy Yiuf (D:5)
  7 orc priests
  7 jellies
  Terence (D:2)
  11 orc wizards
  2 iguanas
  3 gnolls (D:2)
  8 adders
  A shadow imp (D:5)
  4 white imps
  2 ufetubi
  A worm (D:2)
  A dart slug (D:2)
  38 orcs
  A ball python (D:2)
  2 bats
  7 endoplasms
  6 giant cockroaches
  6 hobgoblins
  4 jackals (D:4)
  3 quokkas
  4 frilled lizards
  5 goblins
  14 kobolds
  2 rats
325 creatures vanquished.

Vanquished Creatures (collateral kills)
  A foxfire (Lair:1)
1 creature vanquished.

Vanquished Creatures (others)
  280 foxfires
  3 fulminant prisms
  17 fungi
  36 plants
336 creatures vanquished.

Grand Total: 662 creatures vanquished

Notes
Turn   | Place    | Note
-------+----------+-------------------------------------------
     0 | D:1      | zishaf the Tengu Air Elementalist began the quest for the
                  | Orb.
     0 | D:1      | Reached XP level 1. HP: 10/10 MP: 4/4
   325 | D:1      | Reached XP level 2. HP: 16/16 MP: 3/6
   640 | D:1      | Reached skill level 1 in Fighting
  1010 | D:1      | Learned a level 2 spell: Static Discharge
  1055 | D:2      | Reached XP level 3. HP: 20/20 MP: 4/7
  1289 | D:2      | Noticed Terence
  1326 | D:2      | Killed Terence
  1403 | D:2      | Reached XP level 4. HP: 26/26 MP: 3/8
  1447 | D:2      | Learned a level 3 spell: Swiftness
  1560 | D:2      | Reached skill level 5 in Air Magic
  1583 | D:2      | Gained mutation: Your magical nature lets you fly swiftly
                  | and evasively. [Tengu growth]
  1583 | D:2      | Reached XP level 5. HP: 30/30 MP: 4/9
  2607 | D:4      | Reached XP level 6. HP: 32/36 MP: 0/11
  2746 | D:4      | Learned a level 4 spell: Airstrike
  3242 | D:4      | Found a stormy altar of Qazlal.
  3632 | D:5      | Entered Level 5 of the Dungeon
  3719 | D:5      | Noticed a black bear
  3746 | D:5      | Killed a black bear
  3747 | D:5      | Reached skill level 6 in Air Magic
  3766 | D:5      | Reached XP level 7. HP: 41/41 MP: 7/13
  3774 | D:5      | Reached skill level 5 in Conjurations
  3878 | D:4      | Learned a level 2 spell: Searing Ray
  3989 | D:5      | Noticed Pikel
  4016 | D:5      | Killed Pikel
  4017 | D:5      | Reached skill level 7 in Air Magic
  4017 | D:5      | Reached XP level 8. HP: 9/48 MP: 6/15
  4178 | D:5      | Identified the +5 long sword of Uskayaw's Displeasure
                  | {venom, Will+}
  4336 | D:5      | Reached skill level 5 in Fighting
  4570 | D:5      | Noticed Prince Ribbit
  4579 | D:5      | Killed Prince Ribbit
  4580 | D:5      | Reached skill level 8 in Air Magic
  4783 | D:5      | Found a glowing golden altar of the Shining One.
  4889 | D:5      | Found a runed translucent door.
  4890 | D:5      | Noticed Crazy Yiuf
  4981 | D:5      | Noticed Grinder
  5178 | D:5      | Noticed Edmund
  5213 | D:5      | Killed Edmund
  5350 | D:5      | Killed Grinder
  5351 | D:5      | Reached XP level 9. HP: 23/55 MP: 4/16
  5640 | D:5      | Killed Crazy Yiuf
  5941 | D:6      | Reached skill level 9 in Air Magic
  6631 | D:6      | Reached skill level 10 in Air Magic
  6742 | D:6      | Learned a level 4 spell: Fulminant Prism
  7265 | D:7      | Found a hazy altar of Hepliaklqana.
  7265 | D:7      | Found an ornate altar of the Wu Jian Council.
  7265 | D:7      | Noticed a two-headed ogre
  7478 | D:7      | Reached XP level 10. HP: 48/63 MP: 10/17
  7755 | D:7      | Reached skill level 10 in Conjurations
  7958 | D:7      | Found a staircase to the Ecumenical Temple.
  8078 | Temple   | Entered the Ecumenical Temple
  8307 | Temple   | Became a worshipper of Vehumet
  8380 | D:7      | Noticed a five-headed hydra
  8380 | D:7      | Found the +1 robe of Vines {NoPotionHeal Regen++++}
  8858 | D:7      | Reached skill level 5 in Spellcasting
  8933 | D:7      | Killed a two-headed ogre
  8934 | D:7      | Reached skill level 11 in Air Magic
  8937 | D:7      | Found an ancient bone altar of Kikubaaqudgha.
  8967 | D:7      | Found a broken altar of Ashenzari.
  8968 | D:7      | Found a basalt altar of Yredelemnul.
  9010 | D:7      | Found a sacrificial altar of Ru.
  9011 | D:7      | Found a hide-covered altar of Uskayaw.
  9513 | D:8      | Noticed Amaemon
  9560 | D:8      | Identified the +1 cloak of the Storm King {Regen+ rCorr
                  | Str-2}
  9716 | D:8      | Noticed an orange demon
  9726 | D:8      | HP: 3/65 [orange demon[Amaemon] (1)]
  9739 | D:8      | Killed Amaemon
  9740 | D:8      | Reached skill level 1 in Shields
  9772 | D:8      | Killed an orange demon
  9996 | D:8      | Reached skill level 12 in Air Magic
 10063 | D:8      | Reached * piety under Vehumet
 10063 | D:8      | Offered knowledge of Freeze by Vehumet.
 10199 | D:8      | Reached XP level 11. HP: 65/71 MP: 7/19
 10311 | D:8      | Found a snail-covered altar of Cheibriados.
 10315 | D:8      | Found a blossoming altar of Fedhas.
 10322 | D:8      | Found a bloodstained altar of Trog.
 10388 | D:8      | Learned a level 4 spell: Flame Wave
 10959 | D:9      | Reached skill level 1 in Fire Magic
 11448 | D:10     | Entered Level 10 of the Dungeon
 11466 | D:10     | Noticed an orc knight
 11733 | D:7      | Killed a five-headed hydra
 11895 | D:10     | Killed an orc knight
 11971 | D:10     | Found a staircase to the Orcish Mines.
 11972 | D:10     | Found Bysech's Armour Shop.
 12368 | D:10     | Found a runed translucent door.
 12368 | D:10     | Found a shimmering altar of Xom.
 12368 | D:10     | Noticed a +3 long sword of chaos
 12368 | D:10     | Noticed p00ps00p's ghost (journeyman HOFi)
 12412 | D:10     | Offered knowledge of Foxfire by Vehumet.
 12414 | D:10     | Reached ** piety under Vehumet
 12616 | D:10     | Found a staircase to the Lair.
 12636 | D:10     | Learned a level 1 spell: Foxfire
 13003 | D:11     | Noticed a cyclops
 13013 | D:11     | Killed a cyclops
 13218 | D:11     | Reached skill level 13 in Air Magic
 13434 | D:11     | Offered knowledge of Stone Arrow by Vehumet.
 13435 | D:11     | Reached skill level 5 in Shields
 13624 | D:11     | Reached skill level 10 in Fighting
 13691 | D:11     | Reached XP level 12. HP: 77/77 MP: 16/20
 14087 | Lair:1   | Entered Level 1 of the Lair of Beasts
 14212 | Lair:1   | Reached *** piety under Vehumet
 14654 | Lair:1   | Reached skill level 5 in Fire Magic
 15031 | Lair:1   | Offered knowledge of Kindle Blastsparks by Vehumet.
 15037 | Lair:1   | Learned a level 3 spell: Kindle Blastsparks
 15953 | Lair:2   | Reached skill level 14 in Air Magic
 16065 | Lair:2   | Reached **** piety under Vehumet
 16160 | Lair:2   | Found a staircase to the Snake Pit.
 16604 | Lair:3   | Offered knowledge of Yara's Violent Unravelling by Vehumet.
 16745 | Lair:3   | Reached XP level 13. HP: 41/84 MP: 23/23
 16962 | Lair:3   | Found a runed translucent door.
 17243 | Lair:3   | Found a staircase to the Shoals.
 17517 | Lair:3   | Noticed Xetequo's ghost (journeyman MiFi)
 17647 | Lair:3   | Killed Xetequo's ghost
 18420 | Lair:4   | Reached skill level 15 in Air Magic
 18625 | Lair:4   | Reached ***** piety under Vehumet
 18704 | Lair:4   | Found a staircase to the Slime Pits.
 18783 | Lair:4   | Offered knowledge of Lightning Bolt by Vehumet.
 18790 | Lair:4   | Learned a level 5 spell: Lightning Bolt
 18877 | Lair:4   | HP: 4/84 [black mamba (7)]
 18878 | Lair:4   | Slain by a black mamba

Illustrated notes

Levels and vault maps discovered:
D:1:      zaba_arrival_water, layout_basic, serial_glass, glass_columns_a,
          glass_columns_a, glass_columns_a, glass_columns_b
D:2:      layout_basic, uniq_terence
D:3:      layout_rooms
D:4:      layout_basic, kennysheep_mini, corexii_checkpoint_a
D:5:      layout_basic, mainiacjoe_overflow_alcove_4, guppyfry_early_orc_mine,
          uniq_edmund, uniq_crazy_yiuf_cottage, uniq_grinder, uniq_pikel,
          uniq_prince_ribbit1
D:6:      layout_basic, minmay_ruffians
D:7:      layout_cave_pools, nicolae_overflow_hallway_of_the_gods,
          minmay_temple_entry_sparse_star, hellmonk_guarded_unrand_vines
D:8:      layout_basic, grunt_temple_overflow_diamond, uniq_amaemon
D:9:      layout_basic
D:10:     layout_loops_ring, erik_lair_orcish_takeover, orc_david_3,
          ebering_ghost_xom
D:11:     layout_cave_pools
D:12:     layout_irregular_city, gammafunk_ghost_stat_death
Temple:   nicolae_temple_bog_church
Lair:1:   layout_chaotic_city
Lair:2:   layout_loops_ring, guppyfry_snake_entry_garden
Lair:3:   layout_roguey, shoals_dummy_entry, ebering_ghost_reflecting_pool
Lair:4:   nzn_winding_woodlands_cross [nzn_winding_woodlands_5x15_garden,
          nzn_winding_woodlands_5x15_eye, nzn_winding_woodlands_5x15_pockets,
          nzn_winding_woodlands_5x15_jagged,
          nzn_winding_woodlands_15x15_boxy_spiral], layout_regular_city,
          nicolae_slime_entry_slimehenge, beast_lair_carwin_1

Skill      XL: |  1  2  3  4  5  6  7  8  9 10 11 12 13 |
---------------+----------------------------------------+-----
Conjurations   | 2 3 4 6 7 9 11 12 14 | 14.7
Fighting       | 1 2 3 4 6 7 9 10 11 | 11.6
Air Magic      | 5 6 7 8 10 12 13 14 15 | 15.1
Spellcasting   | 3 4 5 6 7 |  7.0
Shields        | 2 5 6 |  6.0
Fire Magic     | 4 6 |  6.0
Dodging        | |  2.1
Stealth        | |  2.0

Action                   |  1- 3 |  4- 6 |  7- 9 | 10-12 | 13-15 || total
-------------------------+-------+-------+-------+-------+-------++-------
Melee: Short sword       |     5 |    34 |    29 |       |       ||    68
       Kick              |     4 |    13 |    24 |    32 |     5 ||    78
       Peck              |     1 |     7 |    19 |    15 |     1 ||    43
       Long sword        |       |       |    60 |    87 |    12 ||   159
       Punch             |       |       |     1 |       |       ||     1
Throw: Throwing net      |     1 |       |       |       |       ||     1
 Cast: Shock             |    38 |    97 |   104 |    94 |    32 ||   365
       Static Discharge  |       |     2 |    22 |   231 |    71 ||   326
       Swiftness         |       |       |     1 |     3 |     3 ||     7
       Airstrike         |       |       |     1 |     5 |     1 ||     7
       Searing Ray       |       |       |     1 |     2 |       ||     3
       Fulminant Prism   |       |       |       |     3 |       ||     3
       Foxfire           |       |       |       |   118 |    40 ||   158
       Flame Wave        |       |       |       |     1 |       ||     1
       Kindle Blastspark |       |       |       |    10 |    13 ||    23
       Lightning Bolt    |       |       |       |       |     5 ||     5
Evoke: Wand              |       |       |       |     2 |       ||     2
  Use: Scroll            |       |    10 |     5 |     7 |       ||    22
       Potion            |       |       |     1 |     3 |       ||     4
 Stab: Sleeping          |     1 |       |       |     1 |       ||     2
Armor: Robe              |     1 |     9 |    30 |    78 |    19 ||   137
Dodge: Dodged            |     4 |    21 |    80 |   204 |    37 ||   346
Block: Kite shield       |       |       |       |   144 |    41 ||   185

Table legend: (Time is in decaauts)
 A = Elapsed time spent in this place.
 B = Non-inter-level travel time spent in this place.
 C = Inter-level travel time spent in this place.
 D = Time resting spent in this place.
 E = Time spent auto-exploring this place.
 F = Levels seen in this place.
 G = Mean time per level.
                   A        B        C        D        E       F      G
               +--------+--------+--------+--------+--------+-----+--------+
         Total |  18029 |  17178 |    851 |   1586 |  12234 |  17 | 1060.5 |
       Dungeon |  13236 |  12521 |    715 |   1248 |   8857 |  12 | 1103.0 |
        Temple |    226 |    205 |     21 |      0 |    194 |   1 |  226.0 |
          Lair |   4566 |   4452 |    114 |    338 |   3183 |   4 | 1141.5 |
               +--------+--------+--------+--------+--------+-----+--------+

Top non-repeatable levels by time:
     D:5: 1906 daAuts
     D:7: 1619 daAuts
     D:6: 1529 daAuts
     D:8: 1526 daAuts
  Lair:2: 1383 daAuts
  Lair:3: 1330 daAuts
     D:4: 1232 daAuts
  Lair:1: 1098 daAuts
     D:1: 1049 daAuts
     D:2: 1043 daAuts
    D:11: 1023 daAuts
    D:10: 1006 daAuts
     D:9: 867 daAuts
  Lair:4: 754 daAuts
     D:3: 431 daAuts
